 Dungeon Crawl Stone Soup version 0.17.2-1-ge4368a0 (webtiles) character file.

30 ololoev the Chopper (level 3, 0/40 HPs)
             Began as a Demonspawn Gladiator on July 25, 2016.
             Was a Follower of Trog.
             Slain by an orc
             ... wielding a +0 flail
              (3 damage)
             ... on level 3 of the Dungeon.
             The game lasted 00:02:23 (381 turns).

ololoev the Chopper (Demonspawn Gladiator)           Turns: 381, Time: 00:02:23

Health: 0/40       AC:  9    Str: 21    XL:     3   Next: 3%
Magic:  3/3        EV:  8    Int: 14    God:    Trog [*.....]
Gold:   69         SH:  0    Dex: 13    Spells: 0 memorised, 2 levels left

rFire  . . .     SeeInvis .     a - +0 war axe
rCold  . . .     Clarity  .     j - +0 chain mail
rNeg   . . .     SustAt   .     (no shield)
rPois  .         Gourm    .     c - +0 helmet
rElec  .         Spirit   .     (no cloak)
rCorr  .         Warding  .     (no gloves)
rMut   .         Stasis   .     (no boots)
MR     .....                    (no amulet)
Stlth  ..........               (no ring)
                                (no ring)

@: brilliant, berserking, flying, very quick, not resistant to hostile
enchantments, extremely unstealthy
A: claws 1
a: Berserk, Burn Spellbooks, Renounce Religion


Innate Abilities, Weirdness & Mutations

You have sharp fingernails.

Inventory:

Hand Weapons
 a - a +0 war axe (weapon)
 b - a +0 blowgun
Missiles
 d - 3 throwing nets (quivered)
 k - 12 poisoned needles
Armour
 c - a +0 helmet (worn)
 j - a +0 chain mail (worn)
Scrolls
 f - a scroll of enchant armour {unknown}
 g - a scroll of teleportation {unknown}
 h - 2 scrolls of remove curse {unknown}
 i - 2 scrolls of identify {unknown}
Comestibles
 e - 2 bread rations
 n - 3 fruits


   Skills:
 + Level 2.2 Fighting
 * Level 3.1 Axes
 + Level 2.1 Throwing
 + Level 1.1 Armour
 + Level 2.8 Dodging


You had 2 spell levels left.
You didn't know any spells.


You were on level 3 of the Dungeon.
You worshipped Trog.
Trog was aware of your devotion.
You were not hungry.

You visited 1 branch of the dungeon, and saw 3 of its levels.

You collected 69 gold pieces.

###. ..g ..#.> .. .... ########
#.## ...## ####... ..# ...
####.... ......###.# ##.##
....... ###......###lo.#
####...8. #.....#....g@gg##..
......8.8 #.#......###.g.##.#
#..8._. #.##.#..###.#
######.#####...8)8
#.....).....########....##....8.
#######.#...)...........##....(.
##.#...[....##........####.
.........)...##.#...###.....
.##.#.......................
#.#........###.#..##......

Notes
Turn   | Place    | Note
--------------------------------------------------------------
     0 | D:1      | ololoev the Demonspawn Gladiator began the quest for the Orb.
     0 | D:1      | Reached XP level 1. HP: 16/16 MP: 1/1
   244 | D:3      | Gained mutation: You have sharp fingernails. [demonic ancestry]
   244 | D:3      | Reached XP level 2. HP: 17/22 MP: 2/2
   260 | D:3      | Found a faded altar to an unknown god.
   282 | D:3      | Became a worshipper of Trog the Wrathful
   282 | D:3      | Reached * piety under Trog
   325 | D:3      | Reached skill level 1 in Armour
   371 | D:3      | Reached skill level 3 in Axes
   374 | D:3      | Reached XP level 3. HP: 13/27 MP: 3/3
   378 | D:3      | Noticed Robin
   381 | D:3      | Slain by an orc

Dungeon Overview and Level Annotations

Branches:
Dungeon (3/15)

Altars:
Trog

Annotations:
D:3 Robin


Message History

It was a potion of flight.
You feel very buoyant.
You fly up into the air.
Robin shouts!
The orc barely misses you.
Robin says, "Feeling lonely?"
Robin roars a battlecry!
The goblin goes into a battle-frenzy!
Robin moves out of view.
The giant gecko bites you but does no damage.
The goblin hits you but does no damage.
Unknown command.
Unknown command.
Unknown command.
Drink which item? (? for menu, Esc to quit)
It was a potion of brilliance.
You feel clever all of a sudden. The giant gecko bites you.
The orc closely misses you. The goblin barely misses you.
Use which ability? (? or * to list)
A red film seems to cover your vision as you go berserk!
You feel yourself moving faster!
You feel mighty!
You feel somewhat more hungry. The giant gecko barely misses you.
Robin throws the goblin at you! The orc barely misses you.
The goblin hits you but does no damage. x2
The giant gecko bites you but does no damage.
The goblin shouts!
A goblin comes into view.
Unknown command.
Unknown command.
Your chain mail prevents you from hitting the orc.
You closely miss the goblin. You barely miss the goblin.
The goblin shouts!
You slash the goblin!
You kill the goblin!
Trog accepts your kill.
You closely miss the giant gecko.
The giant gecko is almost dead.
Robin throws the goblin at you! The orc hits you with a flail.
You die...

You could see Robin, an orc, a giant gecko and 4 goblins.

Vanquished Creatures
  7 orcs (D:3)
  3 giant cockroaches
  2 hobgoblins (D:3)
  A bat (D:1)
  A giant newt (D:1)
  3 goblins
  2 kobolds (D:3)
  3 rats (D:1)
22 creatures vanquished.

Action                   || total
-------------------------++-------
Melee: War axe           ||    53
Invok: Berserk           ||     1
  Use: Potion            ||     2
 Stab: Sleeping          ||     1

Vault maps used:
D:1:      denvon_arrival_waterhouse
D:2:      fedhas_altar_1
D:3:      old_standard_altar, ecumenical_altar_2, uniq_jessica, uniq_terence,
          uniq_robin
